 Dungeon Crawl Stone Soup version 0.20.1-1-g8b1a95d (webtiles) character file.

186 geeseburger the Poker (level 5, -3/42 HPs)
             Began as a Merfolk Fighter on Oct 28, 2017.
             Killed by nerve-wracking pain
             ... invoked by Grinder
              (7 damage)
             ... on level 3 of the Dungeon.
             The game lasted 00:06:01 (2487 turns).

geeseburger the Poker (Merfolk Fighter)             Turns: 2487, Time: 00:06:02

Health: -3/42      AC:  9    Str: 17    XL:     5   Next: 65%
Magic:  5/5        EV:  4    Int:  7    God:
Gold:   97         SH:  9    Dex: 14    Spells: 4/4 levels left

rFire    . . .     SeeInvis .   a - +0 trident
rCold    . . .     Gourm    .   c - +0 shield
rNeg     . . .     Faith    .   p - +0 chain mail
rPois    .         Spirit   .   (no helmet)
rElec    .         Reflect  .   (no cloak)
rCorr    .         Harm     .   (no gloves)
MR       .....                  (no boots)
Stlth    ..........             (no amulet)
Regen    0.2/turn               (no ring)
MPRegen  0.1/turn               (no ring)

@: very slightly contaminated, invisible
A: change form in water, swift swim, stealthy swim
a: no special abilities


You were on level 3 of the Dungeon.
You were full.

You visited 1 branch of the dungeon, and saw 3 of its levels.

You collected 97 gold pieces.

Inventory:

Hand Weapons
 a - a +0 trident (weapon)
Armour
 c - a +0 shield (worn)
 p - a +0 chain mail (worn)
Wands
 o - a wand of flame (48/48)
Scrolls
 b - a scroll of fear {unknown}
 m - 3 scrolls of identify
Potions
 d - a potion of might
 g - a potion of curing {unknown}
 h - a potion of heal wounds
 i - a potion of lignification
 l - a potion of haste {unknown}
Comestibles
 n - a bread ration


   Skills:
 + Level 4.1 Fighting
 * Level 6.5 Polearms
 + Level 2.9 Armour
 - Level 3.0 Shields


You had 4 spell levels left.
You didn't know any spells.

Dungeon Overview and Level Annotations

Branches:
Dungeon (3/15)

Altars:
Dithmenos
Gozag
Nemelex Xobeh
The Shining One

Annotations:
D:3 Grinder


Message History

Grinder is lightly wounded.
Grinder gestures at you.
You suddenly lose the ability to move!
Grinder gestures at you.
You shrug off the repeated paralysis!
Grinder blinks!
Grinder hits you!
* * * LOW HITPOINT WARNING * * *
You can move again.
You fade further into invisibility.
You block the orc's attack. Grinder gestures at you.
You resist with significant effort. Grinder hits you but does no damage.
You block Grinder's attack. The orc hits you but does no damage.
The orc hits you but does no damage. Grinder gestures at you.
Pain shoots through your body!
You die...

...#....##..#
.....######.#
###..(#####.#
###.#(......#############
....(######.............#
...(.######..#######...##
.........###.# ###...###
..(..###..##.###...###
(.<..####.##.#5.@###
.....##.......o########
.....#.........>......#
######...............##
.................#####
.................#
#####..........# ####
#..........## ...##
##.....#.)..#


You could see Grinder and an orc.

Vanquished Creatures
  An orc priest (D:3)
  2 orc wizards (D:3)
  3 adders
  An ooze (D:2)
  A worm (D:3)
  A dart slug (D:1)
  3 leopard geckos
  6 orcs
  2 bats (D:1)
  4 giant cockroaches
  9 goblins
  A hobgoblin (D:1)
  12 jackals
  4 kobolds
  2 frilled lizards
  3 rats
55 creatures vanquished.

Notes
Turn   | Place    | Note
-------+----------+-------------------------------------------
     0 | D:1      | geeseburger the Merfolk Fighter began the quest for the Orb.
     0 | D:1      | Reached XP level 1. HP: 18/18 MP: 1/1
    40 | D:1      | Reached XP level 2. HP: 19/24 MP: 2/2
   106 | D:1      | Reached skill level 4 in Polearms
   533 | D:1      | Reached XP level 3. HP: 29/29 MP: 3/3
  1219 | D:2      | Found a shadowy altar of Dithmenos.
  1255 | D:2      | Found a glowing golden altar of the Shining One.
  1547 | D:2      | Found a sparkling altar of Nemelex Xobeh.
  1553 | D:2      | Reached skill level 5 in Polearms
  1553 | D:2      | Reached XP level 4. HP: 35/37 MP: 4/4
  1914 | D:3      | Reached skill level 6 in Polearms
  1914 | D:3      | Reached XP level 5. HP: 7/42 MP: 5/5
  2263 | D:3      | Found an opulent altar of Gozag.
  2432 | D:3      | Noticed Grinder
  2440 | D:3      | Paralysed by Grinder for 4 turns
  2448 | D:3      | Paralysed by Grinder for 6 turns
  2460 | D:3      | HP: 2/42 [Grinder (4)]
  2473 | D:3      | Paralysed by Grinder for 4 turns
  2476 | D:3      | HP: 2/42 [Grinder (7)]
  2487 | D:3      | Killed from afar by Grinder

Skill      XL: |  1  2  3  4  5 |
---------------+----------------+-----
Polearms       | 4 5 6 |  6.5
Fighting       | 4 |  4.1
Armour         | |  2.9
Shields        | |  3.0

Action                   |  1- 3 |  4- 6 || total
-------------------------+-------+-------++-------
Melee: Trident           |   135 |    99 ||   234
  Use: Scroll            |     1 |     2 ||     3
       Potion            |       |     5 ||     5
  Eat: Bread ration      |     1 |       ||     1
       Meat ration       |       |     1 ||     1
Armor: Scale mail        |    49 |     2 ||    51
       Skin              |       |   103 ||   103
       Chain mail        |       |    44 ||    44
Dodge: Dodged            |    29 |    16 ||    45
Block: Shield            |    75 |    82 ||   157
